 Dungeon Crawl Stone Soup version 0.23.1 (webtiles) character file.

Game seed: 15742085835556782280

90 ohad the Changer (level 4, -1/28 HPs)
             Began as an Octopode Transmuter on Mar 3, 2019.
             Killed by divine providence
             ... invoked by an orc priest
              (15 damage)
             ... on level 3 of the Dungeon.
             The game lasted 00:06:47 (2398 turns).

ohad the Changer (Octopode Transmuter)              Turns: 2398, Time: 00:06:48

Health: -1/28      AC:  2    Str:  9    XL:     4   Next: 56%
Magic:  4/7        EV: 19    Int: 16    God:
Gold:   76         SH:  0    Dex: 17    Spells: 1/7 levels left

rFire    . . .     SeeInvis .     - Unarmed
rCold    . . .     Gourm    .   (shield currently unavailable)
rNeg     . . .     Faith    .   (helmet currently unavailable)
rPois    x         Spirit   .   (no amulet)
rElec    .         Reflect  .   (no ring)
rCorr    .         Harm     .   (no ring)
MR       .....                  (no ring)
Stlth    ++........             (no ring)
HPRegen  0.09/turn              (no ring)
MPRegen  0.10/turn              (no ring)
                                (no ring)
                                (no ring)

@: spider-form
A: tiny, almost no armour, stealthy swim, (amphibious), 8 rings, (constrict 8)
a: End Transformation


You were on level 3 of the Dungeon.
You were not hungry.
You were a venomous arachnid creature.
You visited 1 branch of the dungeon, and saw 3 of its levels.

You collected 76 gold pieces.

Inventory:

Missiles
 a - 59 arrows
Armour
 o - a +0 buckler
Jewellery
 q - an uncursed ring of fire
Scrolls
 d - a scroll of teleportation
 e - a scroll of remove curse {unknown}
 f - 2 scrolls of noise {unknown}
 g - a scroll of fear {unknown}
 k - a scroll of identify {unknown}
 m - a scroll of amnesia
Potions
 h - 2 potions of heal wounds {unknown}
 i - 3 potions of degeneration {unknown}
 j - a potion of haste {unknown}
 l - a potion of mutation {unknown}
 n - a potion of agility {unknown}
 p - a potion of curing {unknown}
Comestibles
 b - a chunk of flesh
 c - 5 rations


   Skills:
 - Level 1.0 Fighting
 - Level 2.0 Dodging
 - Level 1.3 Stealth
 + Level 3.6 Unarmed Combat
 - Level 2.0 Spellcasting
 - Level 4.0 Transmutations


You had one spell level left.
You knew the following spells:

 Your Spells              Type           Power        Failure   Level  Hunger
a - Beastly Appendage     Tmut           ##....       13%         1    #......
b - Sticks to Snakes      Tmut           ##......     17%         2    ###....
c - Spider Form           Tmut/Pois      #.........   47%         3    ###....

Your spell library contained the following spells:

 Spells                   Type           Power        Failure   Level  Hunger
 Ice Form                 Ice/Tmut       #.......     83%         4    #####..
 Blade Hands              Tmut           ##........   88%         5    ######.


Dungeon Overview and Level Annotations

Branches:
Dungeon (3/15)

Altars:
Hepliaklqana


Innate Abilities, Weirdness & Mutations

You cannot wear most types of armour.
You are very stealthy in the water. (Stealth+)
((You are amphibious.))
You can wear up to eight rings at the same time.
((You can use your tentacles to constrict eight enemies at once.))
((Your skin changes colour to match your surroundings (Stealth+).))
((Your rubbery body absorbs attacks. (AC +1, EV +1)))


Message History

You start resting.
HP restored.
Things that are here:
a +0 club; a tomahawk
There is a stone staircase leading up here.
Items here: ( ) [ รท a tomahawk; a +0 leather armour; a glowing spear; an orc skeleton
Things that are here:
a cursed -2 flail; a +0 ring mail The orc priest is too close now for your liking.
Casting: Spider Form (safe; 26% risk of failure)
Confirm with . or Enter, or press ? or * to list all spells.
You turn into a venomous arachnid creature.
The orc priest calls down the wrath of Beogh upon you.
Beogh smites you!
Ouch! That really hurt!
The orc priest invokes the aid of Beogh against you.
Beogh smites you!
Ouch! That really hurt!
You die...

### ... #.## ###
#... ..# .
#.##.#(#
..o.####.##.#.#
#.....s.# ...#
##.####.####.####
#.#......(#
#...#####{# ###.#
#.# #.# #.# #.#
#.# #.#####.#
#.......#


You could see an orc priest.

Vanquished Creatures
  An orc wizard (D:2)
  A worm (D:2)
  4 dart slugs
  3 orcs (D:3)
  9 bats
  2 giant cockroaches (D:1)
  7 goblins
  6 hobgoblins
  2 kobolds
  2 quokkas (D:2)
  5 frilled lizards
  9 rats
51 creatures vanquished.

Notes
Turn   | Place    | Note
-------+----------+-------------------------------------------
     0 | D:1      | ohad the Octopode Transmuter began the quest for the Orb.
     0 | D:1      | Reached XP level 1. HP: 13/13 MP: 3/3
   160 | D:1      | Reached XP level 2. HP: 13/18 MP: 3/5
   307 | D:1      | Reached skill level 3 in Transmutations
   640 | D:1      | Reached XP level 3. HP: 12/23 MP: 4/6
  1157 | D:1      | Learned a level 2 spell: Sticks to Snakes
  1161 | D:1      | Learned a level 3 spell: Spider Form
  1465 | D:2      | Found a hazy altar of Hepliaklqana.
  1680 | D:2      | Reached skill level 4 in Transmutations
  1723 | D:2      | Reached skill level 1 in Stealth
  1794 | D:2      | Reached XP level 4. HP: 19/28 MP: 5/7
  2398 | D:3      | Killed from afar by an orc priest

Skill      XL: |  1  2  3 |
---------------+----------+-----
Transmutations | 3 4 |  4.0
Stealth        | 1 |  1.3
Fighting       | |  1.0
Dodging        | |  2.0
Unarmed Combat | |  3.6
Spellcasting   | |  2.0

Action                   |  1- 3 |  4- 6 || total
-------------------------+-------+-------++-------
Melee: Unarmed           |   105 |    14 ||   119
       Constrict         |    27 |     1 ||    28
       Tentacles         |    13 |       ||    13
       Kick              |    10 |       ||    10
       Punch             |     1 |       ||     1
 Cast: Beastly Appendage |    12 |     1 ||    13
       Spider Form       |     1 |     3 ||     4
  Use: Scroll            |     2 |       ||     2
 Stab: Sleeping          |     2 |       ||     2
  Eat: Chunk             |     3 |     2 ||     5
Armor: Skin              |    13 |     1 ||    14
Dodge: Dodged            |    77 |    11 ||    88
